 Dungeon Crawl Stone Soup version 0.29-a0-322-g68df515428 (webtiles) character file.

Game seed: 13919295328001855786

427 spaghetti the Digger (level 6, -3/44 HPs)
             Began as a Gnoll Earth Elementalist on Apr 8, 2022.
             Was an Initiate of Cheibriados.
             Splashed by a jelly's acid (5 damage)
             ... on level 5 of the Dungeon.
             The game lasted 00:07:35 (4617 turns).

spaghetti the Digger (Gnoll Earth Elementalist)     Turns: 4617, Time: 00:07:35

Health: -3/44      AC: -17   Str:  8    XL:     6   Next: 97%
Magic:  10/14      EV: 12    Int: 21    God:    Cheibriados [......]
Gold:   95         SH:  4    Dex: 13    Spells: 9/15 levels left

rFire   . . .      SeeInvis +     - Unarmed
rCold   . . .      Faith    .   g - +0 buckler
rNeg    . . .      Spirit   .   Q - +2 leather armour of Ottaamn {Regen+ Int+3 SInv}
rPois   .          Reflect  .   (no helmet)
rElec   .          Harm     .   (no cloak)
rCorr   .          Rampage  .   D - +0 pair of gloves
Will    .....                   (no boots)
Stlth   ++........              (no amulet)
HPRegen 0.94/turn               (no ring)
MPRegen 0.14/turn               (no ring)

@: corroded, slow
A: fangs 1, strong nose, distributed training
a: Renounce Religion


You were on level 5 of the Dungeon.
You worshipped Cheibriados.
Cheibriados was noncommittal.
You visited 1 branch of the dungeon, and saw 5 of its levels.

You collected 331 gold pieces.
You spent 236 gold pieces at shops.


Innate Abilities, Weirdness & Mutations

You have very sharp teeth.
Your uncanny sense of smell can sniff out nearby items.
Your experience applies equally to all skills.


   Skills:
 + Level 2.2 Fighting
 + Level 2.2 Short Blades
 + Level 2.2 Long Blades
 + Level 2.2 Axes
 + Level 2.2 Maces & Flails
 + Level 2.2 Polearms
 + Level 2.2 Staves
 + Level 2.2 Slings
 + Level 2.2 Bows
 + Level 2.2 Crossbows
 + Level 2.2 Throwing
 + Level 2.2 Armour
 + Level 5.1 Dodging
 + Level 4.7 Stealth
 + Level 2.2 Shields
 + Level 2.2 Unarmed Combat
 + Level 5.4 Spellcasting
 + Level 1.7 Conjurations
 + Level 1.7 Hexes
 + Level 1.7 Summonings
 + Level 1.7 Necromancy
 + Level 1.7 Translocations
 + Level 2.8 Transmutations
 + Level 1.7 Fire Magic
 + Level 1.7 Ice Magic
 + Level 1.7 Air Magic
 + Level 5.7 Earth Magic
 + Level 1.7 Poison Magic
 + Level 2.4 Invocations
 + Level 2.2 Evocations


You had 9 spell levels left.
You knew the following spells:

 Your Spells              Type           Power      Damage    Failure   Level
a - Sandblast             Erth           58%        2d13      1%          1
b - Passwall              Tmut/Erth      19%        N/A       5%          2
c - Stone Arrow           Conj/Erth      42%        3d9       13%         3

Your spell library contained the following spells:

 Spells                   Type           Power      Damage    Failure   Level
 Blink                    Tloc           26%        N/A       14%         2
 Lesser Beckoning         Tloc           13%        N/A       28%         3
 Petrify                  Tmut/Erth      23%        N/A       34%         4
 Manifold Assault         Tloc           13%        N/A       95%         5

Inventory:

Hand Weapons
 a - a +0 flail {mace}
   (You found it on level 2 of the Dungeon)
 e - a +0 dagger {short}
   (You took it off a goblin on level 1 of the Dungeon)
 h - a +0 short sword {short}
   (You found it on level 1 of the Dungeon)
 i - a +0 club {mace}
   (You took it off an orc on level 4 of the Dungeon)
 l - a +0 whip {mace}
   (You found it on level 1 of the Dungeon)
 m - a +0 short sword {short}
   (You took it off a kobold on level 1 of the Dungeon)
 s - a +0 club {mace}
   (You took it off a goblin on level 2 of the Dungeon)
 u - a +0 flail {mace}
   (You found it on level 2 of the Dungeon)
 w - a +0 mace {mace}
   (You found it on level 2 of the Dungeon)
 y - a +0 war axe {axe}
   (You found it on level 3 of the Dungeon)
 z - a +0 whip {mace}
   (You took it off a kobold on level 3 of the Dungeon)
 A - a +0 dagger {short}
   (You found it on level 3 of the Dungeon)
 B - a +0 whip {mace}
   (You took it off a kobold on level 3 of the Dungeon)
 C - a +0 short sword {short}
   (You found it on level 3 of the Dungeon)
 E - a +0 dagger {short}
   (You took it off a kobold on level 3 of the Dungeon)
 F - a +0 whip {mace}
   (You found it on level 3 of the Dungeon)
 G - a +0 quarterstaff {staff}
   (You found it on level 3 of the Dungeon)
 I - a +0 club {mace}
   (You took it off an orc on level 4 of the Dungeon)
 J - a +0 hand axe {axe}
   (You took it off an orc on level 4 of the Dungeon)
 K - a +0 trident {polearm}
   (You took it off an orc on level 4 of the Dungeon)
 L - a +0 trident {polearm}
   (You took it off an orc priest on level 4 of the Dungeon)
 M - a +0 short sword {short}
   (You found it on level 4 of the Dungeon)
 S - a +0 falchion {long}
   (You took it off an orc on level 5 of the Dungeon)
 T - a +0 flail {mace}
   (You found it on level 5 of the Dungeon)
Missiles
 r - 81 stones (quivered) {throwing}
Armour
 b - a +0 robe
 g - a +0 buckler (worn)
   (You found it on level 2 of the Dungeon)
 o - a +0 plate armour
   (You found it on level 1 of the Dungeon)
 D - a +0 pair of gloves (worn)
   (You found it on level 3 of the Dungeon)
 Q - the +2 leather armour of Ottaamn (worn) {Regen+ Int+3 SInv}
   (You bought it in a shop on level 4 of the Dungeon)

   Int:       It affects your intelligence (+3).
   SInv:      It lets you see invisible.
   Regen:     It increases your rate of health regeneration.
Wands
 N - a wand of charming (9)
   (You found it on level 4 of the Dungeon)
Scrolls
 d - 3 scrolls of teleportation {unknown}
 k - a scroll of torment {unknown}
 n - a scroll of brand weapon {unknown}
 q - a scroll of amnesia {unknown}
 t - a scroll of enchant weapon
 x - a scroll of noise {unknown}
 O - 2 scrolls of holy word {unknown}
 R - a scroll of enchant armour {unknown}
Potions
 c - a potion of magic
 f - a potion of invisibility
 j - 3 potions of degeneration {unknown}
 p - a potion of curing {unknown}
 v - a potion of attraction {unknown}
 H - a potion of mutation {unknown}
 P - a potion of might {unknown}

Dungeon Overview and Level Annotations

Branches:
Dungeon (5/15)
 Temple: D:4-7

Altars:
Cheibriados
Hepliaklqana
Nemelex Xobeh
Okawaru
Vehumet
Wu Jian

Shops:
D:2 ?*[*? D:4

(![* ##.#.##((.
........
#.......( ##.
..... #.. ...(
#..##..# .
###..#(.# ..
##....†J.##...
#.....@##....(.
##.....#.......
##............
#....>........
#.......^....#
##......##....
#.......# ..
###.......# .
##.........#.....


You could see a jelly.


Message History

The jelly hits you.
You are splashed with acid! 😮 HP[-10]
You take 10 damage, and now have 27/44 hp.
MASSIVE DAMAGE!! (PAUSE)
You hit the jelly.
You kill the jelly!
Cheibriados appreciates the change of pace. 😮 HP[+1] MP[+1]
You hit the worm.
Your jelly barely misses the worm. 😮 HP[+1]
You hit the worm. You bite the worm, but do no damage.
Your jelly hits the worm.
The worm is splashed with acid!
The acid corrodes the worm!
The worm bites your jelly.
The worm is burned by acid!
You hit the worm.
You kill the worm! 😮 HP[+1]
You start resting. 😎 HP[+14] MP[+2]
Your hp is fully restored (44).
You regained 2 mp, and now have 6/14 mp.
Unknown command.
Unknown command.
Unknown command.
You start resting.
The jelly is no longer charmed.
The jelly hits you. The acid corrodes you!
You are splashed with acid. 😕 HP[-7] MP[+2]
You take 7 damage, and now have 37/44 hp.
You regained 2 mp, and now have 8/14 mp.
You hit the jelly.
Your hands burn!
The jelly completely misses you. 😕 HP[-1]
You take 1 damage, and now have 36/44 hp.
You hit the jelly. The acid corrodes you!
Your hands burn!
The jelly misses you. 😮 HP[-3]
You take 3 damage, and now have 33/44 hp.
You barely miss the jelly.
The jelly barely misses you. 😕 HP[+1] MP[+1]
You hit the jelly but do no damage. The acid corrodes you!
Your hands burn!
The jelly hits you.
You are splashed with acid! 😮 HP[-10]
You take 10 damage, and now have 24/44 hp.
MASSIVE DAMAGE!! (PAUSE)
You hit the jelly but do no damage.
Your hands burn!
* * * LOW HITPOINT WARNING * * *
The jelly hits you.
* * * LOW HITPOINT WARNING * * *
You are splashed with acid.
* * * LOW HITPOINT WARNING * * *
😨 HP[-11]
You take 11 damage, and now have 13/44 hp.
MASSIVE DAMAGE!! (PAUSE)
You hit the jelly but do no damage. The acid corrodes you!
Your hands burn!
* * * LOW HITPOINT WARNING * * *
You block the jelly's attack. 😨 HP[-1]
You take 1 damage, and now have 12/44 hp.
You hit the jelly but do no damage. The acid corrodes you!
Your hands burn!
* * * LOW HITPOINT WARNING * * *
You bite the jelly, but do no damage. The jelly barely misses you. 😱 HP[-1]
You take 1 damage, and now have 11/44 hp.
Okay, then.
Okay, then.
Throw: 84 stones {throwing}
Press: ? - help, Q - select action, (/) - cycle Shift-Dir - straight line, f - jelly
Aim: a jelly (almost dead, 89% to hit)
You throw a stone {throwing}.
The stone {throwing} hits the jelly but does no damage.
The jelly completely misses you. 😨 HP[+1] Throw: 83 stones {throwing}
Press: ? - help, Q - select action, (/) - cycle Shift-Dir - straight line, f/p - jelly
Aim: a jelly (almost dead, 89% to hit)
You throw a stone {throwing}. The stone {throwing} hits the jelly.
The jelly barely misses you. 😨 HP[+1] Throw: 82 stones {throwing}
Press: ? - help, Q - select action, (/) - cycle Shift-Dir - straight line, f/p - jelly
Aim: a jelly (almost dead, 89% to hit)
You throw a stone {throwing}.
The stone {throwing} hits the jelly but does no damage.
The jelly hits you.
* * * LOW HITPOINT WARNING * * *
You are splashed with acid!
* * * LOW HITPOINT WARNING * * *
😱 HP[-11]
You take 11 damage, and now have 2/44 hp.
MASSIVE DAMAGE!! (PAUSE)
Okay, then.
Okay, then.
Aiming: Charm
Press: ? - help, Shift-Dir - straight line, f/p - jelly
Aim: a jelly (almost dead, chance to affect: 63%)
The jelly resists with significant effort.
The jelly hits you.
* * * LOW HITPOINT WARNING * * *
The acid corrodes you!
You are splashed with acid.
You die...

Skill      XL: |  1  2  3  4  5  6 |
---------------+-------------------+-----
Transmutations | 2 |  2.8
Spellcasting   | 5 |  5.4
Invocations    | 1 2 |  2.4
Fighting       | 1 2 |  2.2
Short Blades   | 1 2 |  2.2
Long Blades    | 1 2 |  2.2
Axes           | 1 2 |  2.2
Maces & Flails | 1 2 |  2.2
Polearms       | 1 2 |  2.2
Staves         | 1 2 |  2.2
Slings         | 1 2 |  2.2
Bows           | 1 2 |  2.2
Crossbows      | 1 2 |  2.2
Throwing       | 1 2 |  2.2
Armour         | 1 2 |  2.2
Shields        | 1 2 |  2.2
Unarmed Combat | 1 2 |  2.2
Evocations     | 1 2 |  2.2
Conjurations   | 1 |  1.7
Hexes          | 1 |  1.7
Summonings     | 1 |  1.7
Necromancy     | 1 |  1.7
Translocations | 1 |  1.7
Fire Magic     | 1 |  1.7
Ice Magic      | 1 |  1.7
Air Magic      | 1 |  1.7
Poison Magic   | 1 |  1.7
Dodging        | 5 |  5.1
Stealth        | |  4.7
Earth Magic    | |  5.7

Action                   |  1- 3 |  4- 6 || total
-------------------------+-------+-------++-------
Melee: Unarmed           |    36 |    69 ||   105
       Bite              |     4 |    10 ||    14
Throw: Stone             |       |     9 ||     9
 Cast: Sandblast         |    30 |       ||    30
       Stone Arrow       |     6 |    44 ||    50
Evoke: Wand              |       |     2 ||     2
  Use: Potion            |     2 |     1 ||     3
 Stab: Sleeping          |     3 |       ||     3
Armor: Robe              |    10 |     9 ||    19
       Leather armour    |       |     3 ||     3
Dodge: Dodged            |    52 |    40 ||    92
Block: Buckler           |       |    10 ||    10

Levels and vault maps discovered:
D:1:      eino_arrival_cavern_d, layout_loops_cross
D:2:      layout_basic, serial_shops, nicolae_shop_behind_doors,
          nicolae_shop_stone, nicolae_shop_statue_plus, shop,
          nicolae_shop_hallway_stairs
D:3:      layout_loops_cross, pdpol_wu_jian_five_deadly_venoms,
          grunt_temple_overflow_cloverleaf
D:4:      layout_basic, nicolae_wooded_promenade
D:5:      layout_cave_pools, mainiacjoe_overflow_tiny_flanked,
          mainiacjoe_overflow_concentric_impassable, serial_glass,
          glass_columns_a, glass_columns_a

Notes
Turn   | Place    | Note
-------+----------+-------------------------------------------
     0 | D:1      | spaghetti the Gnoll Earth Elementalist began the quest for
                  | the Orb.
     0 | D:1      | Reached XP level 1. HP: 13/13 MP: 6/6
     0 | D:1      | magus.rc [v1.9.6]
    89 | D:1      | Reached skill level 2 in Transmutations
   183 | D:1      | Reached XP level 2. HP: 19/19 MP: 2/7
   680 | D:1      | You pick up a book of Spatial Translocations and begin
                  | reading...
   680 | D:1      | You add the spells Blink, Lesser Beckoning and Manifold
                  | Assault to your library.
   707 | D:1      | Reached XP level 3. HP: 25/25 MP: 5/9
   890 | D:2      | Found Zocoro's General Store.
   892 | D:2      | Reached skill level 5 in Spellcasting
   974 | D:2      | Reached skill level 1 in Invocations
   978 | D:2      | Learned a level 2 spell: Passwall
   988 | D:2      | Learned a level 3 spell: Stone Arrow
  1042 | D:2      | magus.rc [v1.9.6]
  1066 | D:2      | HP: 6/25 [poisoned by an adder]
  1069 | D:2      | Reached skill level 1 in Fighting
  1069 | D:2      | Reached skill level 1 in Short Blades
  1069 | D:2      | Reached skill level 1 in Long Blades
  1069 | D:2      | Reached skill level 1 in Axes
  1069 | D:2      | Reached skill level 1 in Maces & Flails
  1069 | D:2      | Reached skill level 1 in Polearms
  1069 | D:2      | Reached skill level 1 in Staves
  1069 | D:2      | Reached skill level 1 in Slings
  1069 | D:2      | Reached skill level 1 in Bows
  1069 | D:2      | Reached skill level 1 in Crossbows
  1069 | D:2      | Reached skill level 1 in Throwing
  1069 | D:2      | Reached skill level 1 in Armour
  1069 | D:2      | Reached skill level 1 in Shields
  1069 | D:2      | Reached skill level 1 in Unarmed Combat
  1069 | D:2      | Reached skill level 1 in Evocations
  1325 | D:2      | Found Kes Cuoc's Magic Scroll Boutique.
  1453 | D:2      | Bought a scroll of enchant weapon for 75 gold pieces
  1499 | D:2      | Found Lelulodi's Antique Armour Shop.
  1537 | D:2      | Found Oblogo's Assorted Antiques.
  1541 | D:2      | Reached XP level 4. HP: 32/32 MP: 7/11
  1623 | D:2      | Found Wagge's Magic Scroll Shoppe.
  2784 | D:3      | Found a hazy altar of Hepliaklqana.
  2784 | D:3      | Found an iron altar of Okawaru.
  2784 | D:3      | Found a radiant altar of Vehumet.
  2784 | D:3      | Noticed a phantom
  2871 | D:3      | Killed a phantom
  2872 | D:3      | Reached skill level 1 in Conjurations
  2872 | D:3      | Reached skill level 1 in Hexes
  2872 | D:3      | Reached skill level 1 in Summonings
  2872 | D:3      | Reached skill level 1 in Necromancy
  2872 | D:3      | Reached skill level 1 in Translocations
  2872 | D:3      | Reached skill level 1 in Fire Magic
  2872 | D:3      | Reached skill level 1 in Ice Magic
  2872 | D:3      | Reached skill level 1 in Air Magic
  2872 | D:3      | Reached skill level 1 in Poison Magic
  2872 | D:3      | Reached XP level 5. HP: 29/37 MP: 2/12
  2996 | D:3      | Found a sparkling altar of Nemelex Xobeh.
  3102 | D:3      | Found an ornate altar of the Wu Jian Council.
  3933 | D:4      | Found Ujibber's Antique Weapon Boutique.
  3934 | D:4      | Found Kapol's Distillery.
  3934 | D:4      | Found Uvvat's Antique Armour Emporium.
  3935 | D:4      | Found Bamufu Tuss's Assorted Antiques.
  3941 | D:4      | Bought a buzzing leather armour for 161 gold pieces
  3941 | D:4      | Identified the +2 leather armour of Ottaamn {Regen+ Int+3
                  | SInv} (You bought it in a shop on level 4 of the Dungeon)
  3957 | D:4      | Noticed a phantom
  3962 | D:4      | Killed a phantom
  3963 | D:4      | Reached skill level 2 in Invocations
  3963 | D:4      | Reached XP level 6. HP: 44/44 MP: 6/13
  4306 | D:5      | Entered Level 5 of the Dungeon
  4310 | D:5      | Reached skill level 5 in Dodging
  4334 | D:5      | Reached skill level 2 in Fighting
  4334 | D:5      | Reached skill level 2 in Short Blades
  4334 | D:5      | Reached skill level 2 in Long Blades
  4334 | D:5      | Reached skill level 2 in Axes
  4334 | D:5      | Reached skill level 2 in Maces & Flails
  4334 | D:5      | Reached skill level 2 in Polearms
  4334 | D:5      | Reached skill level 2 in Staves
  4334 | D:5      | Reached skill level 2 in Slings
  4334 | D:5      | Reached skill level 2 in Bows
  4334 | D:5      | Reached skill level 2 in Crossbows
  4334 | D:5      | Reached skill level 2 in Throwing
  4334 | D:5      | Reached skill level 2 in Armour
  4334 | D:5      | Reached skill level 2 in Shields
  4334 | D:5      | Reached skill level 2 in Unarmed Combat
  4334 | D:5      | Reached skill level 2 in Evocations
  4473 | D:5      | Found a snail-covered altar of Cheibriados.
  4480 | D:5      | Became a worshipper of Cheibriados the Contemplative
  4612 | D:5      | HP: 11/44 [acid (2)]
  4616 | D:5      | HP: 2/44 [acid (10)]
  4617 | D:5      | Splashed by a jelly's acid

Vanquished Creatures
  2 phantoms
  2 hounds (D:5)
  2 jellies
  An orc priest (D:4)
  An iguana (D:5)
  3 adders
  A white imp (D:5)
  A worm (D:5)
  4 dart slugs
  5 orcs
  7 bats
  8 endoplasms
  5 giant cockroaches
  2 goblins
  5 hobgoblins
  4 kobolds
  A quokka (D:3)
  7 ball pythons
  A frilled lizard (D:3)
  4 rats
66 creatures vanquished.

Table legend:
 A = Non-vault XP
 B = Vault XP
 C = Vault XP percentage of total XP
 D = Non-vault monster count
 E = Vault monster count
 F = Vault count percentage of total count
                 A         B        C        D         E       F
            +---------+---------+-------+---------+---------+-------
      Total |     610 |       0 |   0.0 |      66 |       0 |   0.0
            +---------+---------+-------+---------+---------+-------
        D:1 |      34 |       0 |   0.0 |      16 |       0 |   0.0
        D:2 |      50 |       0 |   0.0 |      14 |       0 |   0.0
        D:3 |     125 |       0 |   0.0 |      16 |       0 |   0.0
        D:4 |     204 |       0 |   0.0 |      12 |       0 |   0.0
        D:5 |     197 |       0 |   0.0 |       8 |       0 |   0.0
            +---------+---------+-------+---------+---------+-------

Illustrated notes

Table legend:
 A = Kills in this place as a percentage of kills in entire the game.
 B = Kills by you in this place as a percentage of kills by you in the entire game.
 C = Kills by friends in this place as a percentage of kills by friends in the entire game.
 D = Other kills in this place as a percentage of other kills in the entire game.
 E = Experience gained in this place as a percentage of experience gained in the entire game.
 F = Experience gained in this place divided by the number of levels of this place that you have seen.
                   A       B       C       D       E      F
               +-------+-------+-------+-------+-------+----------------------
         Total | 100.0 | 100.0 |   N/A |   N/A | 100.0 | 122.0
       Dungeon | 100.0 | 100.0 |   N/A |   N/A | 100.0 | 122.0
               +-------+-------+-------+-------+-------+----------------------

Table legend: (Time is in decaauts)
 A = Elapsed time spent in this place.
 B = Non-inter-level travel time spent in this place.
 C = Inter-level travel time spent in this place.
 D = Time resting spent in this place.
 E = Time spent auto-exploring this place.
 F = Levels seen in this place.
 G = Mean time per level.
                   A        B        C        D        E       F      G
               +--------+--------+--------+--------+--------+-----+--------+
         Total |   4614 |   4546 |     68 |    417 |   3599 |   5 |  922.8 |
       Dungeon |   4614 |   4546 |     68 |    417 |   3599 |   5 |  922.8 |
               +--------+--------+--------+--------+--------+-----+--------+

Top non-repeatable levels by time:
     D:3: 1292 daAuts
     D:2: 1223 daAuts
     D:4: 895 daAuts
     D:1: 875 daAuts
     D:5: 327 daAuts
